 Dungeon Crawl Stone Soup version 0.31-a0-609-g7bf6ffcfed (webtiles) character file.

Game seed: 12279979762177100227

213 Rohain the Slasher (level 5, -2/43 HPs)
             Began as a Gnoll Reaver on Aug 22, 2023.
             Splashed by a jelly's acid (6 damage)
             ... on level 4 of the Dungeon.
             The game lasted 00:04:29 (2757 turns).

Rohain the Slasher (Gnoll Reaver)                   Turns: 2757, Time: 00:04:30

Health: -2/43      AC: -4    Str: 14    XL:     5   Next: 90%
Magic:  0/12       EV: 11    Int: 16    God:
Gold:   185        SH:  0    Dex: 10    Spells: 10/14 levels left

rFire   . . .        c - +2 dagger (venom)
rCold   + . .        (no shield)
rNeg    . . .        m - +2 ring mail of Insecurity {-Tele Int+4 SInv}
rPois   .            (no helmet)
rElec   .            d - scarf {shadows}
rCorr   .            (no gloves)
SInv    +            (no boots)
Will    .....        o - amulet of guardian spirit
Stlth   +            e - ring of see invisible
HPRegen 0.27/turn    l - ring of protection from cold
MPRegen 0.13/turn

%: no teleportation, guardian spirit
@: corroded
A: fangs 1, strong nose, distributed training
a: no special abilities


You were on level 4 of the Dungeon.
You visited 1 branch of the dungeon, and saw 4 of its levels.

You collected 185 gold pieces.

Inventory:

Hand Weapons
 a - a +0 falchion
 c - a +2 dagger of venom (weapon)
 r - a +1 whip of electrocution
 s - a +2 whip of venom
Missiles
 i - 9 poisoned darts
Armour
 b - a +1 leather armour
 d - a scarf of shadows (worn)
 m - the +2 ring mail of Insecurity (worn) {-Tele Int+4 SInv}
   (You found it on level 3 of the Dungeon)

   Int+4:     It affects your intelligence (+4).
   SInv:      It lets you see invisible.
   -Tele:     It prevents most forms of teleportation.
Jewellery
 e - a ring of see invisible (left hand)
 l - a ring of protection from cold (right hand)
 o - an amulet of guardian spirit (around neck)
Talismans
 n - a beast talisman
Scrolls
 p - a scroll of vulnerability
 u - 4 scrolls of teleportation {unknown}
Potions
 f - 3 potions of enlightenment
 g - a potion of berserk rage {unknown}
 h - a potion of brilliance {unknown}
 j - a potion of lignification
 k - 3 potions of degeneration
 q - a potion of curing
 t - a potion of invisibility {unknown}


   Skills:
 + Level 4.9 Fighting
 + Level 1.7 Short Blades
 + Level 6.7 Long Blades
 + Level 1.7 Axes
 + Level 1.7 Maces & Flails
 + Level 1.7 Polearms
 + Level 1.7 Staves
 + Level 1.7 Ranged Weapons
 + Level 1.7 Throwing
 + Level 1.7 Armour
 + Level 4.9 Dodging
 + Level 1.7 Stealth
 + Level 1.7 Shields
 + Level 1.7 Unarmed Combat
 + Level 5.2 Spellcasting
 + Level 5.6 Conjurations
 + Level 1.3 Hexes
 + Level 1.3 Summonings
 + Level 1.3 Necromancy
 + Level 1.3 Translocations
 + Level 1.3 Transmutations
 + Level 1.3 Fire Magic
 + Level 1.3 Ice Magic
 + Level 1.3 Air Magic
 + Level 1.3 Earth Magic
 + Level 1.3 Poison Magic
 + Level 1.9 Invocations
 + Level 1.7 Evocations
 + Level 1.3 Shapeshifting


You had 10 spell levels left.
You knew the following spells:

 Your Spells              Type           Power      Damage    Failure   Level
a - Kiss of Death         Conj/Necr      60%        2d10      7%          1
b - Momentum Strike       Conj/Tloc      30%        3d8       11%         2
c - Foxfire               Conj/Fire      60%        2x1d7     7%          1

Your spell library contained the following spells:

 Spells                   Type           Power      Damage    Failure   Level
 Magic Dart               Conj           88%        1d7       3%          1
 Hailstorm                Conj/Ice       15%        3d5       22%         3
 Call Imp                 Summ           16%        N/A       26%         2
 Mephitic Cloud           Conj/Pois/Air  13%        N/A       28%         3
 Tukima's Dance           Hex            8%         N/A       45%         3
 Passage of Golubria      Tloc           8%         N/A       86%         4
 Yara's Violent Unravell  Hex/Tmut       4%         3d4       99%         5
 Plasma Beam              Fire/Air       4%         2x1d14    100%        6
 Starburst                Conj/Fire      7%         6d4       100%        6


Dungeon Overview and Level Annotations

Branches:
Dungeon (4/15)
 Temple: D:4-7

Altars:


Innate Abilities, Weirdness & Mutations

You have very sharp teeth.
Your uncanny sense of smell can sniff out nearby items.
Your experience applies equally to all skills.


Message History

The jelly quivers.
The ball python bites you but does no damage.
The ball python closely misses you.
You hit the ball python.
You bite the ball python, but do no damage.
The ball python is moderately wounded.
The ball python bites you but does no damage.
The ball python closely misses you.
You hit the jelly but do no damage.
The jelly is poisoned.
The acid corrodes you!
Your hands burn!
The ball python bites you but does no damage.
The ball python grabs you. The ball python constricts you.
The jelly hits you but does no damage.
You barely miss the jelly. The ball python closely misses you.
The ball python constricts you.
You hit the jelly but do no damage. The acid corrodes you!
Your hands burn!
The jelly completely misses you. The ball python bites you.
The ball python constricts you.
You hit the jelly but do no damage.
Your hands burn!
The jelly is lightly wounded.
You hear the brisk rusting of a distant drain.
The ball python barely misses you. The ball python constricts you.
The jelly hits you.
You are splashed with acid!
You hit the jelly but do no damage. The acid corrodes you!
Your hands burn!
The jelly is moderately wounded.
The ball python bites you. The ball python constricts you.
The jelly barely misses you.
The ball python's grasp on you weakens, but your attempt to escape fails.
The ball python closely misses you. The ball python constricts you.
The jelly hits you.
* * * LOW HITPOINT WARNING * * *
You are splashed with acid!
* * * LOW HITPOINT WARNING * * *
The ball python barely misses you. The ball python constricts you.
* * * LOW HITPOINT WARNING * * *
You escape the ball python's grasp.
The jelly attacks as it pursues you! The jelly hits you.
* * * LOW HITPOINT WARNING * * *
You are splashed with acid!
You die...

##......##..##.###
##......##....#..
##......##..##..
##......##..#..
##......##.#..
.##......###..
#..##......##..
∆###...###......#..
###@J.###......#'#.. .###
#..S###......###.###
....#####.###......###.).#
.......##'#......###.†..##
........#......###....#..#
.%...........###...##.##.#
.......##..###...#..#..#.#
.#####..##################
##......#


You could see a jelly (poisoned) and a ball python.

Vanquished Creatures
  A hound (D:4)
  An orc priest (D:3)
  An orc wizard (D:1)
  2 adders
  3 dart slugs
  3 worms
  14 orcs
  6 endoplasms
  3 giant cockroaches
  9 goblins
  6 hobgoblins
  2 jackals (D:1)
  6 kobolds
  3 quokkas
  8 ball pythons
  5 bats
  A frilled lizard (D:2)
  8 rats
82 creatures vanquished.

Notes
Turn   | Place    | Note
-------+----------+-------------------------------------------
     0 | D:1      | Rohain the Gnoll Reaver began the quest for the Orb.
     0 | D:1      | Reached XP level 1. HP: 20/20 MP: 6/6
   140 | D:1      | Reached XP level 2. HP: 23/26 MP: 7/7
   792 | D:1      | Reached skill level 5 in Spellcasting
   792 | D:1      | Reached skill level 1 in Invocations
   792 | D:1      | Reached XP level 3. HP: 24/31 MP: 7/9
   794 | D:1      | Reached skill level 1 in Short Blades
   794 | D:1      | Reached skill level 1 in Axes
   794 | D:1      | Reached skill level 1 in Maces & Flails
   794 | D:1      | Reached skill level 1 in Polearms
   794 | D:1      | Reached skill level 1 in Staves
   794 | D:1      | Reached skill level 1 in Ranged Weapons
   794 | D:1      | Reached skill level 1 in Throwing
   794 | D:1      | Reached skill level 1 in Armour
   794 | D:1      | Reached skill level 1 in Stealth
   794 | D:1      | Reached skill level 1 in Shields
   794 | D:1      | Reached skill level 1 in Unarmed Combat
   794 | D:1      | Reached skill level 1 in Evocations
   884 | D:1      | Reached XP level 4. HP: 8/38 MP: 11/11
  1169 | D:2      | Learned a level 2 spell: Momentum Strike
  1200 | D:2      | Reached skill level 1 in Hexes
  1200 | D:2      | Reached skill level 1 in Summonings
  1200 | D:2      | Reached skill level 1 in Necromancy
  1200 | D:2      | Reached skill level 1 in Translocations
  1200 | D:2      | Reached skill level 1 in Transmutations
  1200 | D:2      | Reached skill level 1 in Fire Magic
  1200 | D:2      | Reached skill level 1 in Ice Magic
  1200 | D:2      | Reached skill level 1 in Air Magic
  1200 | D:2      | Reached skill level 1 in Earth Magic
  1200 | D:2      | Reached skill level 1 in Poison Magic
  1200 | D:2      | Reached skill level 1 in Shapeshifting
  1600 | D:3      | Found a faded altar of an unknown god.
  1677 | D:3      | Reached XP level 5. HP: 35/43 MP: 12/12
  1741 | D:3      | Identified the +2 ring mail of Insecurity {-Tele Int+4
                  | SInv}
  1762 | D:3      | Learned a level 1 spell: Foxfire
  2757 | D:4      | Splashed by a jelly's acid

Illustrated notes

Levels and vault maps discovered:
D:1:      elethiomel_arrival_shortcut, layout_basic
D:2:      layout_rooms
D:3:      layout_basic, ebering_ecumenical_altar_hall, minmay_misc_feat_five
D:4:      minmay_razor_zed, layout_basic, amcnicky_altar_gilded,
          portal_sewer_entry_b

Skill      XL: |  1  2  3  4 |
---------------+-------------+-----
Spellcasting   | 5 |  5.2
Invocations    | 1 |  1.9
Short Blades   | 1 |  1.7
Axes           | 1 |  1.7
Maces & Flails | 1 |  1.7
Polearms       | 1 |  1.7
Staves         | 1 |  1.7
Ranged Weapons | 1 |  1.7
Throwing       | 1 |  1.7
Armour         | 1 |  1.7
Stealth        | 1 |  1.7
Shields        | 1 |  1.7
Unarmed Combat | 1 |  1.7
Evocations     | 1 |  1.7
Hexes          | 1 |  1.3
Summonings     | 1 |  1.3
Necromancy     | 1 |  1.3
Translocations | 1 |  1.3
Transmutations | 1 |  1.3
Fire Magic     | 1 |  1.3
Ice Magic      | 1 |  1.3
Air Magic      | 1 |  1.3
Earth Magic    | 1 |  1.3
Poison Magic   | 1 |  1.3
Shapeshifting  | 1 |  1.3
Fighting       | |  4.9
Long Blades    | |  6.7
Dodging        | |  4.9
Conjurations   | |  5.6

Action                     |  1- 3 |  4- 6 || total
---------------------------+-------+-------++-------
  Melee: Falchion          |    65 |       ||    65
         Bite              |     3 |    16 ||    19
         Dagger            |     5 |   177 ||   182
         Punch             |       |     4 ||     4
   Cast: Momentum Strike   |       |     2 ||     2
    Use: Scroll            |     3 |     7 ||    10
         Potion            |     2 |     1 ||     3
 Armour: Leather armour    |    17 |    14 ||    31
         Ring mail         |       |    27 ||    27
  Dodge: Dodged            |    37 |    98 ||   135

Table legend: (Time is in decaauts)
 A = Elapsed time spent in this place.
 B = Non-inter-level travel time spent in this place.
 C = Inter-level travel time spent in this place.
 D = Time resting spent in this place.
 E = Time spent auto-exploring this place.
 F = Levels seen in this place.
 G = Mean time per level.
                   A        B        C        D        E       F      G
               +--------+--------+--------+--------+--------+-----+--------+
         Total |   2742 |   2703 |     39 |    256 |   1839 |   4 |  685.5 |
       Dungeon |   2742 |   2703 |     39 |    256 |   1839 |   4 |  685.5 |
               +--------+--------+--------+--------+--------+-----+--------+

Top non-repeatable levels by time:
     D:1: 987 daAuts
     D:3: 799 daAuts
     D:2: 548 daAuts
     D:4: 406 daAuts
